 Dungeon Crawl Stone Soup version 0.19-a0-442-g8935a21 (webtiles) character file.

150 Ordine the Sneak (level 5, -2/39 HPs)
             Began as an Octopode Transmuter on June 1, 2016.
             Slain by a scorpion (5 damage)
             ... on level 3 of the Dungeon.
             The game lasted 00:11:21 (3383 turns).

Ordine the Sneak (Octopode Transmuter)              Turns: 3383, Time: 00:11:21

Health: -2/39      AC:  6    Str: 10    XL:     5   Next: 32%
Magic:  3/8        EV: 10    Int: 21    God:
Gold:   104        SH:  0    Dex: 12    Spells: 2 memorised, 1 level left

rFire  . . .     SeeInvis .       - Unarmed
rCold  + + +     Gourm    .     (shield currently unavailable)
rNeg   . . .     Faith    .     (helmet currently unavailable)
rPois  +         Spirit   .     (no amulet)
rElec  .         Dismiss  .     a - ring of protection from fire
rCorr  .         Reflect  .     (no ring)
SustAt .         Harm     .     (no ring)
MR     .....                    (no ring)
Stlth  ++........               (no ring)
                                (no ring)
                                (no ring)
                                (no ring)

@: brilliant, ice-form, not resistant to hostile enchantments, unstealthy
A: almost no armour, amphibious, 8 rings, (constrict 8), (camouflage 0),
(gelatinous body 0)
a: End Transformation


You were on level 3 of the Dungeon.
You were not hungry.
You were a creature of crystalline ice.
You visited 1 branch of the dungeon, and saw 3 of its levels.

You collected 104 gold pieces.

Inventory:

Jewellery
 a - a ring of protection from fire (left front paw)
Scrolls
 g - a scroll of fog
Books
 b - a book of Changes

   Spells                             Type                      Level
   a - Beastly Appendage              Transmutation                1
   b - Sticks to Snakes               Transmutation                2
   c - Spider Form                    Transmutation/Poison         3
   d - Ice Form                       Ice/Transmutation            4
   e - Blade Hands                    Transmutation                5
Comestibles
 c - 3 bread rations


   Skills:
 - Level 1.0 Fighting
 - Level 2.0 Dodging
 + Level 4.0 Stealth
 - Level 3.0 Unarmed Combat
 - Level 2.0 Spellcasting
 * Level 4.0 Transmutations
 + Level 1.4 Ice Magic


You had one spell level left.
You knew the following spells:

 Your Spells              Type           Power        Failure   Level  Hunger
a - Spider Form           Tmut/Pois      ###.......   2%          3    ###....
b - Ice Form              Ice/Tmut       ####....     8%          4    #####..


Dungeon Overview and Level Annotations

Branches:
Dungeon (3/15)

Altars:
Dithmenos
Fedhas
Nemelex Xobeh
Okawaru
Xom


Innate Abilities, Weirdness & Mutations

You cannot wear most types of armour.
You are amphibious.
You can wear up to eight rings at the same time.
((You can use your tentacles to constrict eight enemies at once.))
((Your skin changes colour to match your surroundings (Stealth+).))
((Your rubbery body absorbs attacks. (AC +1)))


Message History

* * * LOW HITPOINT WARNING * * *
It was a potion of brilliance.
You feel clever all of a sudden.
You constrict the scorpion. The scorpion barely misses you.
You tentacle-slap the scorpion.
The scorpion is moderately wounded.
You constrict the scorpion, but do no damage.
The scorpion barely misses you.
Casting: Spider Form
Confirm with . or Enter, or press ? or * to list all spells.
You turn into a creature of crystalline ice.
You lose your grip on the scorpion.
The scorpion stings you.
* * * LOW HITPOINT WARNING * * *
You hit the scorpion but do no damage.
The scorpion is moderately wounded.
The scorpion closely misses you.
You punch the scorpion! You freeze the scorpion.
The scorpion is almost dead.
The scorpion stings you.
You die...

##### #...# #_#.#
#.#.# #<#.# #.#.#
#Y#.#########
#s#..........
#.####r#....$.....
#.s..>....<.######
..)..o..##.###
##########.# #.#
#.. ###


You could see a scorpion and a quokka.

Vanquished Creatures
  7 adders
  An adder zombie (D:2)
  An adder skeleton (D:2)
  3 worms (D:2)
  2 dart slugs (D:1)
  5 orcs (D:3)
  2 ball pythons
  7 bats
  A bat zombie (D:2)
  3 giant cockroaches
  7 goblins
  5 hobgoblins
  2 jackals (D:2)
  8 kobolds
  A giant newt (D:1)
  A jackal skeleton (D:2)
  A quokka zombie (D:2)
  8 rats
65 creatures vanquished.

Notes
Turn   | Place    | Note
--------------------------------------------------------------
     0 | D:1      | Ordine the Octopode Transmuter began the quest for the Orb.
     0 | D:1      | Reached XP level 1. HP: 13/13 MP: 3/3
   199 | D:1      | Reached skill level 1 in Stealth
   199 | D:1      | Reached XP level 2. HP: 17/18 MP: 5/5
   607 | D:1      | Reached XP level 3. HP: 17/23 MP: 4/6
   621 | D:1      | Learned a level 3 spell: Spider Form
  1628 | D:2      | Reached XP level 4. HP: 22/28 MP: 7/7
  1637 | D:1      | Learned a level 4 spell: Ice Form
  2159 | D:2      | Found a shadowy altar of Dithmenos.
  2390 | D:2      | Reached skill level 1 in Ice Magic
  2738 | D:2      | Reached XP level 5. HP: 9/33 MP: 8/8
  2902 | D:2      | Found a sparkling altar of Nemelex Xobeh.
  2916 | D:2      | Found a shimmering altar of Xom.
  3035 | D:2      | Found a blossoming altar of Fedhas.
  3344 | D:3      | Found an iron altar of Okawaru.
  3383 | D:3      | Slain by a scorpion

Vault maps used:
D:1:      dpeg_arrival_another_circle
D:2:      lemuel_coloured_pillars_altar, minitemple, serial_undead,
          serial_undead_a, serial_undead_f, serial_undead_b, serial_undead_f
D:3:      overflow_temple_1_default, first_bread, uniq_purgy, uniq_robin,
          uniq_sigmund

Skill      XL: |  1  2  3  4  5 |
---------------+----------------+-----
Stealth        | 1 2 3 4 |  4.0
Transmutations | 3 4 |  4.0
Ice Magic      | 1 |  1.4
Fighting       | |  1.0
Dodging        | |  2.0
Unarmed Combat | |  3.0
Spellcasting   | |  2.0

Action                   |  1- 3 |  4- 6 || total
-------------------------+-------+-------++-------
Melee: Unarmed           |    78 |   111 ||   189
       Constrict         |    21 |    18 ||    39
       Tentacles         |    14 |    13 ||    27
       Kick              |     4 |       ||     4
       Punch             |     1 |     2 ||     3
 Cast: Beastly Appendage |     1 |       ||     1
       Spider Form       |       |     2 ||     2
       Ice Form          |       |     1 ||     1
 Abil: End Transformatio |       |     1 ||     1
  Use: Scroll            |     6 |     5 ||    11
       Potion            |       |     5 ||     5
 Stab: Sleeping          |     9 |     2 ||    11
       Distracted        |     2 |       ||     2
  Eat: Chunk             |     2 |     6 ||     8
Armor: Skin              |    11 |    12 ||    23
Dodge: Dodged            |    57 |    69 ||   126
